General information
- name: BNet
- type: Ladder team game (AT/RT)
- host: Battle.net
- saver: Argost
map: GnollWood
- players: 4
- length: 16:09
- speed: Fast
- version: 1.24 W3XP
- replay type: Public
» download(74 KB)
Players
team 1 (loser)
1k-a-dayy (
red | 47 APM | 750 actions | 15:59)
2 Blademaster
1 Wind Walk
1 Critical Strike
2 Shadow Hunter
1 Healing Wave
1 Hex
» actions
| Assign group hotkey | 3 | |
| Basic commands | 38 | |
| Build / train | 42 | |
| Enter build submenu | 11 | |
| Enter hero's abilities submenu | 4 | |
| Give item / drop item | 4 | |
| Right click | 348 | |
| Select / deselect | 213 | |
| Select group hotkey | 24 | |
| Use ability | 63 | |
750 total
» units
| Peon | 7 | |
| Grunt | 8 | |
| Shaman | 2 | |
| Wind Rider | 2 | |
| Raider | 4 | |
| Troll Witch Doctor | 2 | |
25 total
» upgrades
| Berserker Strength | 1 | |
| Pillage | 1 | |
| Ensnare | 1 | |
| Witch Doctor Training | 1 | |
4 total
» buildings
| Altar of Storms | 1 | |
| Orc Burrow | 5 | |
| Barracks | 1 | |
| Voodoo Lounge | 1 | |
| Stronghold | 1 | |
| Beastiary | 1 | |
| Spirit Lodge | 2 | |
12 total
» build order
00:07 Altar of Storms
00:10 Orc Burrow
00:46 Barracks
01:39 Orc Burrow
02:05 Voodoo Lounge
03:06 Orc Burrow
03:08 Stronghold
06:10 Beastiary
07:02 Spirit Lodge
09:31 Orc Burrow
10:25 Orc Burrow
14:17 Spirit Lodge
» items
| Healing Salve | 2 | |
| Lesser Clarity Potion | 3 | |
| Scroll of Town Portal | 1 | |
6 total
8k-a-day (
blue | 47 APM | 761 actions | 16:03)
2 Blademaster
1 Wind Walk
1 Critical Strike
2 Shadow Hunter
1 Healing Wave
1 Serpent Ward
» actions
| Assign group hotkey | 3 | |
| Basic commands | 4 | |
| Build / train | 41 | |
| Enter build submenu | 15 | |
| Enter hero's abilities submenu | 4 | |
| Remove unit from queue | 1 | |
| Right click | 324 | |
| Select / deselect | 308 | |
| Select group hotkey | 13 | |
| Use ability | 48 | |
761 total
» units
| Peon | 11 | |
| Grunt | 8 | |
| Troll Witch Doctor | 2 | |
21 total
» upgrades
| Berserker Strength | 1 | |
| Witch Doctor Training | 2 | |
3 total
» buildings
| Altar of Storms | 1 | |
| Orc Burrow | 5 | |
| Voodoo Lounge | 1 | |
| Barracks | 1 | |
| War Mill | 1 | |
| Watch Tower | 2 | |
| Stronghold | 1 | |
| Spirit Lodge | 2 | |
| Fortress | 1 | |
| Tauren Totem | 2 | |
17 total
» build order
00:09 Altar of Storms
00:13 Orc Burrow
01:07 Voodoo Lounge
01:40 Orc Burrow
02:48 Barracks
03:21 War Mill
05:10 Watch Tower
05:36 Orc Burrow
06:59 Watch Tower
07:00 Stronghold
09:37 Spirit Lodge
09:53 Spirit Lodge
11:16 Orc Burrow
11:46 Orc Burrow
12:11 Fortress
15:15 Tauren Totem
15:19 Tauren Totem
» items
| Healing Salve | 2 | |
| Lesser Clarity Potion | 2 | |
| Scroll of Speed | 1 | |
| Scroll of Town Portal | 1 | |
| Potion of Healing | 2 | |
8 total
team 2 (winner)
Argost (
orange | 77 APM | 1241 actions | 16:09)
4 Archmage
2 Summon Water Elemental
2 Brilliance Aura
1 Mountain King
1 Storm Bolt
» actions
| Assign group hotkey | 69 | |
| Basic commands | 76 | |
| Build / train | 60 | |
| Enter build submenu | 18 | |
| Enter hero's abilities submenu | 4 | |
| Remove unit from queue | 3 | |
| Right click | 473 | |
| Select / deselect | 211 | |
| Select group hotkey | 277 | |
| Use ability | 50 | |
1241 total
» units
| Peasant | 10 | |
| Footman | 4 | |
| Rifleman | 9 | |
| Priest | 2 | |
| Spell Breaker | 1 | |
| Sorceress | 4 | |
30 total
» upgrades
| Long Rifles | 1 | |
| Gunpowder | 1 | |
| Sorceress Training | 1 | |
| Priest Training | 1 | |
4 total
» buildings
| Farm | 7 | |
| Altar of Kings | 1 | |
| Barracks | 1 | |
| Scout Tower | 3 | |
| Arcane Tower | 2 | |
| Keep | 1 | |
| Arcane Vault | 1 | |
| Blacksmith | 1 | |
| Lumber Mill | 1 | |
| Arcane Sanctum | 2 | |
| Guard Tower | 4 | |
| Castle | 1 | |
25 total
» build order
00:07 Farm
00:10 Altar of Kings
00:20 Farm
00:21 Barracks
01:33 Scout Tower
01:50 Farm
02:01 Arcane Tower
03:01 Keep
03:05 Scout Tower
03:12 Arcane Vault
03:27 Blacksmith
03:34 Arcane Tower
03:45 Farm
04:19 Lumber Mill
06:06 Farm
06:10 Scout Tower
08:53 Arcane Sanctum
09:46 Farm
09:47 Guard Tower
09:50 Guard Tower
09:50 Guard Tower
10:54 Arcane Sanctum
12:33 Farm
13:30 Castle
» items
| Healing Salve | 1 | |
| Scroll of Regeneration | 2 | |
| Lesser Clarity Potion | 2 | |
| Potion of Healing | 2 | |
| Circlet of Nobility | 1 | |
8 total
uberplayer (
green | 77 APM | 1232 actions | 16:04)
3 Blademaster
2 Wind Walk
1 Critical Strike
3 Shadow Hunter
1 Hex
2 Healing Wave
» actions
| Assign group hotkey | 23 | |
| Basic commands | 86 | |
| Build / train | 55 | |
| ESC pressed | 2 | |
| Enter build submenu | 15 | |
| Enter hero's abilities submenu | 6 | |
| Give item / drop item | 2 | |
| Remove unit from queue | 1 | |
| Right click | 573 | |
| Select / deselect | 239 | |
| Select group hotkey | 156 | |
| Use ability | 74 | |
1232 total
» units
| Peon | 13 | |
| Grunt | 12 | |
| Spirit Walker | 4 | |
| Wind Rider | 3 | |
32 total
» upgrades
| Berserker Strength | 1 | |
| Pillage | 1 | |
| Melee Weapons | 1 | |
| Armor | 1 | |
4 total
» buildings
| Altar of Storms | 1 | |
| Orc Burrow | 5 | |
| Barracks | 1 | |
| Voodoo Lounge | 1 | |
| Stronghold | 1 | |
| War Mill | 1 | |
| Spirit Lodge | 1 | |
| Beastiary | 1 | |
12 total
» build order
00:06 Altar of Storms
00:09 Orc Burrow
00:50 Barracks
01:31 Orc Burrow
02:21 Voodoo Lounge
03:24 Stronghold
06:25 Orc Burrow
08:06 War Mill
09:24 Spirit Lodge
10:43 Beastiary
11:43 Orc Burrow
11:46 Orc Burrow
» items
| Circlet of Nobility | 1 | |
| Healing Salve | 5 | |
| Potion of Healing | 1 | |
| Lesser Clarity Potion | 2 | |
9 total
Chat log
(02:37 / Allies) Argost: hmm
(04:04 / Allies) Argost: i go u town
(05:41 / Allies) Argost: ima at u town soon
(06:33 / Allies) Argost: b
(07:07 / Allies) Argost: mk out
(08:30 / Allies) Argost: bastards
(08:46 / Allies) Argost: damn 2 lvls up in row
(08:57 / Allies) Argost: lets mass t2 and kill
(11:29 / Allies) Argost: gonna get lot of sorcs